 Dungeon Crawl Stone Soup version 0.30-a0-174-gbc10bd73c2 (webtiles) character file.

Game seed: 10950673314194656061

180 qw the Chopper (level 5, -4/32 HPs)
             Began as a Gargoyle Fighter on Oct 1, 2022.
             Constricted to death by Eustachio (5 damage)
             ... on level 4 of the Dungeon.
             The game lasted 00:01:05 (2722 turns).

qw the Chopper (Gargoyle Fighter)                   Turns: 2722, Time: 00:01:06

Health: -4/32      AC: 14    Str: 28    XL:     5   Next: 60%
Magic:  5/5        EV:  6    Int:  8    God:
Gold:   195        SH:  4    Dex:  9    Spells: 4/4 levels left

rFire   . . .      SeeInvis .    Y - +2 war axe
rCold   + + .      Faith    .    c - +0 buckler
rNeg    + . .      Spirit   .    b - +0 scale mail
rPois   inf        Reflect  .    a - +0 hat of Lafu {rC+}
rElec   +          Harm     .    (no cloak)
rCorr   .          Rampage  .    g - +2 pair of gloves
Will    .....                    (no boots)
Stlth   +.........               (no amulet)
HPRegen 0.25/turn                o - ring of Bomeirch {rPois Str+6 Slay+3 Stlth+}
MPRegen 0.09/turn                m - ring of protection from cold

@: about to teleport, grasped by roots, constricted
A: sickness immunity, AC +4, negative energy resistance 1, electricity
resistance, torment resistance 1, petrification resistance
a: no special abilities


You were on level 4 of the Dungeon.
You visited 1 branch of the dungeon, and saw 4 of its levels.

You collected 195 gold pieces.


Innate Abilities, Weirdness & Mutations

You are immune to sickness and miasma.
Your stone body is resilient. (AC +4)
You are immune to poison.
You resist negative energy. (rN+)
You are resistant to electric shocks. (rElec)
You are resistant to unholy torment.
You are immune to petrification.


   Skills:
 - Level 3.2 Fighting
 - Level 5.0 Axes
 - Level 3.2 Armour
 + Level 0.8 Dodging
 - Level 3.2 Shields


You had 4 spell levels left.
You didn't know any spells.
Your spell library was empty.

Inventory:

Hand Weapons
 n - a +0 flail
 Y - a +2 war axe (weapon)
Missiles
 j - a boomerang (quivered)
Armour
 a - the +0 hat of Lafu (worn) {rC+}
   (You acquired it on level 1 of the Dungeon)

   rC:        It protects you from cold.
 b - a +0 scale mail (worn)
 c - a +0 buckler (worn)
 g - a +2 pair of gloves (worn)
Jewellery
 m - a ring of protection from cold (right hand)
 o - the ring of Bomeirch (left hand) {rPois Str+6 Slay+3 Stlth+}
   (You found it on level 2 of the Dungeon)

   [ring of strength]

   Str:       It affects your strength (+6).
   Slay:      It affects your accuracy & damage with ranged weapons and melee
   (+3).
   rPois:     It protects you from poison.
   Stlth:     It makes you more stealthy.
Scrolls
 f - 3 scrolls of teleportation
 h - a scroll of identify
Potions
 d - a potion of might
 e - 2 potions of attraction
 i - a potion of flight {unknown}
 k - a potion of lignification
 l - a potion of curing

Dungeon Overview and Level Annotations

Branches:
Dungeon (4/15)
 Temple: D:4-7

Altars:
Cheibriados
Elyvilon
Makhleb
Ru
Uskayaw
Vehumet
Wu Jian

Shops:
D:3 (

Annotations:
D:3 3 runed translucent doors, qw's ghost, weakling GrFi
D:4 Eustachio


Message History

You closely miss the scorpion.
The scorpion is almost dead.
You barely miss the river rat. The river rat bites you.
The scorpion stings you but does no damage.
You closely miss the scorpion.
The scorpion is almost dead.
You slash the river rat!
You kill the river rat!
The river rat's corpse disappears in a puff of smoke!
The scorpion stings you.
The scorpion stings you but does no damage.
A hound comes into view.
You closely miss the scorpion.
The scorpion is almost dead.
You hit Eustachio. Eustachio hits you but does no damage.
The scorpion stings you but does no damage.
Eustachio hits you with a +2 rapier of draining.
2720 ||| READING 4 scrolls of teleportation.
As you read the scroll of teleportation, it crumbles to dust.
You feel strangely unstable. You block the scorpion's attack.
Eustachio zaps a wand.
The roots erupt in riotous growth!
The grasping roots grab you!
Eustachio is unaffected.
The scorpion is unaffected.
The grasping roots constrict you. The scorpion barely misses you.
You closely miss the scorpion.
The scorpion is almost dead.
You slash Eustachio!
The scorpion stings you but does no damage.
Eustachio hits you with a +2 rapier of draining.
The grasping roots constrict you.
You closely miss the scorpion.
The scorpion is almost dead.
You closely miss Eustachio.
The scorpion stings you but does no damage.
Eustachio hits you with a +2 rapier of draining.
The grasping roots constrict you.
You die...

............##..
..................
..............[.. #
##................
##.#........<.......#
..........#.......###
#.....!...#.........#
#...#.hs.##..##......
#...@@.....# #.#..#
#........### ##.##
##.......# #
#........#
..##..#.###
##........ #..#....##
..##...#


You could see Eustachio, a scorpion and a hound.

Vanquished Creatures
  Ijyb (D:3)
  Jessica (D:2)
  5 adders
  4 dart slugs
  An orc (D:3)
  6 endoplasms
  A giant cockroach (D:2)
  12 goblins
  7 hobgoblins
  3 jackals (D:3)
  8 kobolds
  2 quokkas
  5 ball pythons
  8 bats
  4 frilled lizards
  4 rats
72 creatures vanquished.

Notes
Turn   | Place    | Note
-------+----------+-------------------------------------------
     0 | D:1      | qw the Gargoyle Fighter began the quest for the Orb.
     0 | D:1      | Reached XP level 1. HP: 14/14 MP: 1/1
     0 | D:1      | 0 ||| qw: Version: 0.2-a-13-gfc7b4b4
     0 | D:1      | 0 ||| qw: Game counter: 1898
     0 | D:1      | 0 ||| qw: Always use a shield: true
     0 | D:1      | 0 ||| qw: God list: Okawaru
     0 | D:1      | 0 ||| qw: Allow faded altars: false
     0 | D:1      | 0 ||| qw: Do Orc after D:15 true
     0 | D:1      | 0 ||| qw: Do second Lair branch before Depths: true
     0 | D:1      | 0 ||| qw: Lair rune preference: random
     0 | D:1      | 0 ||| qw: Plans: Normal, Zot:1-4, God:TSO, Crypt, Tomb,
                  | Pan, Slime:5, Hells, Abyss, Orb
     0 | D:1      | 0 ||| PLANNING D:1-11
    33 | D:1      | You fall into a shaft and drop 1 floor!
    52 | D:2      | Reached skill level 2 in Axes
   166 | D:2      | 166 ||| READING scroll labelled MYLAON HOYXT.
   203 | D:1      | Reached XP level 2. HP: 15/19 MP: 2/2
   205 | D:1      | 205 ||| Stepping ~*~*~tactically~*~*~ (stealth).
   246 | D:1      | 246 ||| READING scroll labelled ROECULOYRO.
   246 | D:1      | Identified a scroll of acquirement
   246 | D:1      | 246 ||| ACQUIRING +0 hat of Lafu {rC+}
   246 | D:1      | Acquired the +0 hat of Lafu {rC+}
   248 | D:1      | 248 ||| UPGRADING to +0 hat of Lafu {rC+}.
   282 | D:1      | 282 ||| Stepping ~*~*~tactically~*~*~ (stealth).
   284 | D:1      | 284 ||| Stepping ~*~*~tactically~*~*~ (stealth).
   555 | D:1      | Found a faded altar of an unknown god.
   563 | D:1      | Reached skill level 3 in Axes
   625 | D:1      | Reached XP level 3. HP: 23/23 MP: 3/3
   692 | D:1      | 692 ||| DROPPING +0 club.
   858 | D:1      | 858 ||| READING 3 scrolls labelled HUIKHL TORR.
   861 | D:1      | 861 ||| READING scroll labelled GYCOC JAELUOSU.
   862 | D:1      | 862 ||| DRINKING 2 sapphire potions.
  1180 | D:2      | Identified the ring of Bomeirch {rPois Str+6 Slay+3 Stlth+}
  1505 | D:2      | Noticed Jessica
  1515 | D:2      | Killed Jessica
  1516 | D:2      | Reached skill level 4 in Axes
  1516 | D:2      | Reached XP level 4. HP: 21/28 MP: 4/4
  1729 | D:2      | 1729 ||| UPGRADING to ring of Bomeirch {rPois Str+6 Slay+3
                  | Stlth+}.
  1730 | D:2      | 1730 ||| READING 2 scrolls labelled FOVAMP REMUPHE.
  1731 | D:2      | 1731 ||| READING scroll labelled LUUXAYCHIS.
  1732 | D:2      | 1732 ||| READING scroll labelled VUOLELOYTO.
  1733 | D:2      | 1733 ||| READING scroll labelled HUYRHE NAITAWY.
  1734 | D:2      | 1734 ||| DRINKING 2 lumpy brown potions.
  1753 | D:2      | 1753 ||| DROPPING scroll of poison.
  1794 | D:3      | Found an ornate altar of the Wu Jian Council.
  1794 | D:3      | Found a snail-covered altar of Cheibriados.
  1807 | D:3      | Found a white marble altar of Elyvilon.
  1810 | D:3      | Found a burning altar of Makhleb.
  1812 | D:3      | Found a radiant altar of Vehumet.
  1817 | D:3      | Found a hide-covered altar of Uskayaw.
  1837 | D:3      | Found a sacrificial altar of Ru.
  1882 | D:3      | 1882 ||| Stepping ~*~*~tactically~*~*~ (stealth).
  1922 | D:3      | 1922 ||| Stepping ~*~*~tactically~*~*~ (stealth).
  1925 | D:3      | 1925 ||| Stepping ~*~*~tactically~*~*~ (stealth).
  2044 | D:3      | Found a runed translucent gate.
  2046 | D:3      | Found a runed translucent gate.
  2049 | D:3      | Noticed a kobold brigand
  2052 | D:3      | Found a runed translucent gate.
  2052 | D:3      | Noticed qw's ghost (weakling GrFi)
  2108 | D:3      | Found Vogex's Weapon Emporium.
  2178 | D:3      | Reached XP level 5. HP: 32/32 MP: 5/5
  2246 | D:3      | Noticed Ijyb
  2247 | D:3      | 2247 ||| Stepping ~*~*~tactically~*~*~ (hiding).
  2248 | D:3      | 2248 ||| Stepping ~*~*~tactically~*~*~ (hiding).
  2264 | D:3      | Killed Ijyb
  2265 | D:3      | Reached skill level 5 in Axes
  2331 | D:3      | 2331 ||| READING scroll of enchant weapon.
  2331 | D:3      | 2331 ||| ENCHANTING +1 war axe.
  2377 | D:3      | 2377 ||| Stepping ~*~*~tactically~*~*~ (hiding).
  2473 | D:3      | 2473 ||| Stepping ~*~*~tactically~*~*~ (stealth).
  2474 | D:3      | 2474 ||| Stepping ~*~*~tactically~*~*~ (stealth).
  2475 | D:3      | 2475 ||| Stepping ~*~*~tactically~*~*~ (stealth).
  2517 | D:3      | 2517 ||| DROPPING +0 whip.
  2670 | D:3      | 2670 ||| UPGRADING to +2 pair of gloves.
  2675 | D:3      | 2675 ||| UPGRADING to ring of protection from cold.
  2676 | D:3      | 2676 ||| READING 2 scrolls of identify.
  2676 | D:3      | 2676 ||| IDENTIFYING bubbling cyan potion
  2708 | D:4      | Noticed Eustachio
  2719 | D:4      | HP: 8/32 [Eustachio/+2 rapier of draining (3)]
  2720 | D:4      | 2720 ||| READING 4 scrolls of teleportation.
  2721 | D:4      | HP: 2/32 [Eustachio/+2 rapier of draining (6)]
  2722 | D:4      | Constricted to death by Eustachio

Levels and vault maps discovered:
D:1:      lightli_arrival_maybe_door_vault, layout_loops_ring,
          hellmonk_ecumenical_altar_pennies_from_heaven, feat_on_display
D:2:      layout_basic, uniq_jessica
D:3:      kennysheep_goblin_castle, layout_rooms,
          nicolae_ru_sacrificial_ziggurat, nicolae_overflow_hallway_of_the_gods,
          serial_shops, nicolae_shop_bloodbath_and_beyond,
          gammafunk_ghost_nasty_kobolds
D:4:      layout_cave_pools, uniq_eustachio

Skill      XL: |  1  2  3  4  5 |
---------------+----------------+-----
Axes           | 2 3 4 5 |  5.0
Fighting       | |  3.2
Armour         | |  3.2
Dodging        | |  0.8
Shields        | |  3.2

Action                   |  1- 3 |  4- 6 || total
-------------------------+-------+-------++-------
Melee: War axe           |   125 |    77 ||   202
Throw: Boomerang         |    12 |    33 ||    45
  Use: Scroll            |     4 |     7 ||    11
       Potion            |     1 |     1 ||     2
Armor: Scale mail        |    67 |    58 ||   125
Dodge: Dodged            |    67 |    36 ||   103
Block: Buckler           |    25 |    19 ||    44

Table legend:
 A = Non-vault XP
 B = Vault XP
 C = Vault XP percentage of total XP
 D = Non-vault monster count
 E = Vault monster count
 F = Vault count percentage of total count
                 A         B        C        D         E       F
            +---------+---------+-------+---------+---------+-------
      Total |     149 |     109 |  42.2 |      59 |      13 |  18.1
            +---------+---------+-------+---------+---------+-------
        D:1 |      41 |       0 |   0.0 |      24 |       0 |   0.0
        D:2 |      31 |      37 |  54.4 |      10 |       1 |   9.1
        D:3 |      61 |      72 |  54.1 |      23 |      12 |  34.3
        D:4 |      16 |       0 |   0.0 |       2 |       0 |   0.0
            +---------+---------+-------+---------+---------+-------
